 Dungeon Crawl Stone Soup version 0.29.1-15-g9cfb28693d (webtiles) character file.

Game seed: 13975367884566864712

87 booth the Chopper (level 4, 0/34 HPs)
             Began as a Demonspawn Gladiator on Apr 25, 2023.
             Succumbed to a kobold's poison
             ... on level 2 of the Dungeon.
             The game lasted 00:09:19 (1565 turns).

booth the Chopper (Demonspawn Gladiator)            Turns: 1565, Time: 00:09:20

Health: 0/34       AC:  4    Str: 16    XL:     4   Next: 28%
Magic:  4/4        EV: 12    Int: 10    God:
Gold:   51         SH:  0    Dex: 14    Spells: 3/3 levels left

rFire   . . .      SeeInvis .   a - +0 war axe
rCold   . . .      Faith    .   (no shield)
rNeg    + . .      Spirit   .   b - +0 leather armour
rPois   .          Reflect  .   c - +0 helmet
rElec   .          Harm     .   (no cloak)
rCorr   .          Rampage  .   (no gloves)
Will    .....                   (no boots)
Stlth   +.........              (no amulet)
HPRegen 0.11/turn               j - ring of positive energy
MPRegen 0.09/turn               (no ring)

@: lethally poisoned (0 -> -14)
A: weakness stinger 1
a: no special abilities


You were on level 2 of the Dungeon.
You visited 1 branch of the dungeon, and saw 2 of its levels.

You collected 51 gold pieces.

Inventory:

Hand Weapons
 a - a +0 war axe (weapon)
 p - a +1 short sword of venom
Missiles
 d - 3 throwing nets (quivered)
 e - a javelin
 l - 3 poisoned darts
Armour
 b - a +0 leather armour (worn)
 c - a +0 helmet (worn)
Jewellery
 j - a ring of positive energy (left hand)
Scrolls
 g - a scroll of silence {unknown}
 m - a scroll of enchant weapon {unknown}
 n - 3 scrolls of fear {unknown}
Potions
 f - a potion of invisibility {unknown}
 h - a potion of flight {unknown}
 i - a potion of attraction {unknown}
 k - a potion of heal wounds {unknown}
 o - a potion of curing {unknown}


   Skills:
 + Level 2.7 Fighting
 * Level 3.6 Axes
 + Level 2.4 Throwing
 + Level 3.1 Dodging


You had 3 spell levels left.
You didn't know any spells.
Your spell library was empty.

Dungeon Overview and Level Annotations

Branches:
Dungeon (2/15)

Altars:
Dithmenos


Innate Abilities, Weirdness & Mutations

You have a small tail.


Message History

Found a scroll labelled UJUISH OJYIQ.
A rat comes into view.
You slash the rat!
You kill the rat!
n - 3 scrolls labelled UJUISH OJYIQ (gained 1)
Found a stone staircase leading down.
A rat comes into view.
You closely miss the rat. The rat misses you. The rat completely misses you.
You closely miss the rat. The rat bites you.
You closely miss the rat.
Your tail-slap misses the rat.
The rat bites you.
You closely miss the rat. The rat bites you but does no damage.
The rat bites you.
You hit the rat.
You kill the rat!
Found a stone staircase leading up.
You see here a rat corpse.
Found a scroll labelled TOTOSI OSUAXE.
A kobold comes into view.
It is wielding a +1 short sword of venom.
The kobold shouts!
You closely miss the kobold.
The kobold hits you with a +1 short sword of venom.
You are poisoned.
You barely miss the kobold.
You feel very sick.
The kobold hits you with a +1 short sword of venom. x2
You are more poisoned.
You closely miss the kobold.
You feel very sick.
The kobold hits you with a +1 short sword of venom.
You are lethally poisoned!
You barely miss the kobold. You tail-slap the kobold.
You kill the kobold!
* * * LOW HITPOINT WARNING * * *
You feel extremely sick.
* * * LOW HITPOINT WARNING * * *
You feel very sick.
Things that are here:
a +1 short sword of venom; 3 stones
p - a +1 short sword of venom You die...

# # ########## #########
##.....#... ........#
##.......... ........#
#...........
...?...@#####...........
.............†..........
........#####...........
........# #...........
###.##### #.>..........
#. #.#.......... #
#.##.....#... ..
.....####. .. .<..#


There were no monsters in sight!

Vanquished Creatures
  Jessica (D:2)
  2 adders (D:2)
  3 worms
  2 dart slugs (D:1)
  A ball python (D:2)
  An endoplasm (D:1)
  4 giant cockroaches
  A hobgoblin (D:1)
  3 jackals (D:2)
  2 kobolds (D:2)
  2 quokkas
  3 bats
  3 frilled lizards
  4 rats
32 creatures vanquished.

Notes
Turn   | Place    | Note
-------+----------+-------------------------------------------
     0 | D:1      | booth the Demonspawn Gladiator began the quest for the Orb.
     0 | D:1      | Reached XP level 1. HP: 16/16 MP: 1/1
   247 | D:1      | Gained mutation: You have a small tail. [demonic ancestry]
   247 | D:1      | Reached XP level 2. HP: 18/22 MP: 2/2
   931 | D:2      | Noticed Jessica
  1011 | D:2      | Found a shadowy altar of Dithmenos.
  1203 | D:2      | Reached XP level 3. HP: 28/28 MP: 3/3
  1221 | D:2      | Killed Jessica
  1258 | D:2      | Reached XP level 4. HP: 30/34 MP: 4/4
  1565 | D:2      | Succumbed to a kobold's poison

Illustrated notes

Levels and vault maps discovered:
D:1:      minmay_arrival_shoal_huts, layout_basic, kennysheep_decorative_pillar,
          minmay_misc_feat_square, minmay_cut_off
D:2:      layout_rooms, basic_altar, uniq_jessica

Skill      XL: |  1  2 |
---------------+-------+-----
Throwing       | 2 |  2.4
Axes           | 3 |  3.6
Dodging        | 3 |  3.1
Fighting       | |  2.7

Action                   |  1- 3 |  4- 6 || total
-------------------------+-------+-------++-------
Melee: War axe           |    56 |    22 ||    78
       Tailslap          |     6 |     2 ||     8
       Punch             |     1 |       ||     1
Throw: Dart              |     4 |       ||     4
       Javelin           |     1 |       ||     1
 Stab: Sleeping          |     2 |       ||     2
Armor: Leather armour    |    25 |     2 ||    27
Dodge: Dodged            |    43 |     7 ||    50
